 Dungeon Crawl Stone Soup version 0.19.0-22-gd96e5fe (webtiles) character file.

550 jerryfan the Poker (level 7, -5/60 HPs)
             Began as a Hill Orc Monk on Nov 18, 2016.
             Was a Believer of Beogh.
             Killed by nerve-wracking pain
             ... invoked by an orc priest
              (11 damage)
             ... on level 4 of the Dungeon.
             The game lasted 00:17:44 (3859 turns).

jerryfan the Poker (Hill Orc Monk)                  Turns: 3859, Time: 00:17:45

Health: -5/60      AC: 10    Str: 16    XL:     7   Next: 29%
Magic:  13/16      EV: 11    Int: 10    God:    Beogh [**....]
Gold:   225        SH:  0    Dex: 13    Spells: 0 memorised, 6 levels left

rFire  . . .     SeeInvis .     a - +0 spear
rCold  . . .     Gourm    .     h - +1 scale mail
rNeg   . . .     Faith    .     (no shield)
rPois  .         Spirit   .     (no helmet)
rElec  .         Reflect  .     (no cloak)
rCorr  .         Harm     .     m - +0 pair of gloves
MR     .....                    j - +0 pair of boots
Stlth  +.........               (no amulet)
                                l - ring of wizardry
                                d - ring of magical power

@: no status effects
A: no striking features
a: Smiting, Renounce Religion


You were on level 4 of the Dungeon.
You worshipped Beogh.
Beogh was pleased with you.
You were not hungry.

You visited 1 branch of the dungeon, and saw 4 of its levels.

You collected 225 gold pieces.

Inventory:

Hand Weapons
 a - a +0 spear (weapon)
 e - a +1 dagger of freezing
Missiles
 o - 5 tomahawks (quivered)
Armour
 b - a +0 robe
 h - a +1 scale mail (worn)
 j - a +0 pair of boots (worn)
 m - a +0 pair of gloves (worn)
Jewellery
 d - a ring of magical power (left hand)
 l - a ring of wizardry (right hand)
Scrolls
 g - 3 scrolls of immolation
 k - 3 scrolls of identify
 n - 2 scrolls of recharging
 p - a scroll of fog
 s - a scroll of fear {unknown}
 t - a scroll of blinking {unknown}
Potions
 f - a potion of agility
 q - a potion of flight
Comestibles
 c - 3 bread rations
 i - a slice of pizza


   Skills:
 + Level 4.8 Fighting
 + Level 6.3 Polearms
 + Level 0.1 Throwing
 + Level 3.4 Armour
 + Level 3.4 Dodging
 + Level 2.1 Stealth
 + Level 1.0 Invocations


You had 6 spell levels left.
You didn't know any spells.

Dungeon Overview and Level Annotations

Branches:
Dungeon (4/15)
 Temple: D:4-7

Altars:
Fedhas
Hepliaklqana
Trog
The Shining One


Message History

* * * LOW HITPOINT WARNING * * *
The orc wizard closely misses you.
You hit the orc wizard.
The orc wizard is moderately wounded.
The orc hits you with a mace!
* * * LOW HITPOINT WARNING * * *
The orc wizard casts a spell at you. The magic dart hits you!
* * * LOW HITPOINT WARNING * * *
Aiming: Smiting
Press: ? - help, Dir - move target cursor, f - orc wizard Smite: an orc wizard, wielding a spear and wearing a robe (moderately wounded, fast)
You smite the orc wizard!
You kill the orc wizard!
Beogh accepts your kill. The orc closely misses you.
The orc priest invokes the aid of Beogh against you.
Pain shoots through your body!
You die...
Beogh appreciates the orc priest's killing of a heretic priest.

#.......##########...# #.. #
####....#..........# ### .
#...#........(.....## .
#......##.##.#......##
.#########.##.##.#.#.....#
......#....##.....o......#
..... #.....#..............
#..#######..#.##.#o#.....###
#..........)).((@.)......#
#####.####.......#......##
#......##.##.####.###
######)##.##.# #.# #.##.##.#
#.......# #.......#
#.......#


You could see an orc priest and an orc.

Vanquished Creatures
  A phantom (D:4)
  A scorpion (D:3)
  A hound (D:4)
  5 orc wizards
  An orc priest (D:4)
  A worker ant (D:4)
  8 adders
  An ooze (D:1)
  3 worms (D:3)
  A dart slug (D:2)
  5 leopard geckos
  13 orcs
  8 bats
  7 giant cockroaches
  5 goblins
  9 hobgoblins
  4 jackals (D:1)
  A ball python (D:2)
  3 frilled lizards
  6 kobolds
  6 rats
90 creatures vanquished.

Vanquished Creatures (others)
  2 orcs
2 creatures vanquished.

Grand Total: 92 creatures vanquished

Notes
Turn   | Place    | Note
-------+----------+-------------------------------------------
     0 | D:1      | jerryfan the Hill Orc Monk began the quest for the Orb.
     0 | D:1      | Reached XP level 1. HP: 19/19 MP: 1/1
    45 | D:1      | Reached XP level 2. HP: 27/27 MP: 2/2
   484 | D:1      | Reached XP level 3. HP: 30/33 MP: 3/3
   576 | D:1      | Reached skill level 4 in Polearms
   735 | D:2      | Found a blossoming altar of Fedhas.
   867 | D:2      | Found a hazy altar of Hepliaklqana.
  1199 | D:2      | Reached XP level 4. HP: 38/40 MP: 4/4
  1594 | D:2      | Found a blossoming altar of Fedhas.
  1632 | D:2      | Reached skill level 1 in Armour
  1825 | D:3      | Reached skill level 5 in Polearms
  1825 | D:3      | Reached XP level 5. HP: 18/46 MP: 5/5
  2071 | D:3      | Became a worshipper of Beogh the Brigand
  2071 | D:3      | Reached * piety under Beogh
  2071 | D:3      | Reached ** piety under Beogh
  2075 | D:3      | Found a glowing golden altar of the Shining One.
  2410 | D:3      | Reached XP level 6. HP: 52/52 MP: 6/6
  2503 | D:3      | Noticed a moth of wrath
  2622 | D:3      | Found a bloodstained altar of Trog.
  3172 | D:3      | Reached skill level 1 in Invocations
  3345 | D:4      | Noticed a phantom
  3663 | D:4      | Reached XP level 7. HP: 34/60 MP: 7/7
  3834 | D:4      | Reached skill level 6 in Polearms
  3859 | D:4      | Killed from afar by an orc priest

Skill      XL: |  1  2  3  4  5  6  7 |
---------------+----------------------+-----
Polearms       | 4 5 6 |  6.3
Fighting       | 4 |  4.8
Armour         | 1 2 3 |  3.4
Dodging        | 3 |  3.4
Invocations    | 1 |  1.0
Stealth        | 2 |  2.1
Throwing       | |  0.1

Action                   |  1- 3 |  4- 6 |  7- 9 || total
-------------------------+-------+-------+-------++-------
Melee: Spear             |   122 |   399 |    33 ||   554
Throw: Tomahawk          |       |     1 |    14 ||    15
Invok: Smiting           |       |     3 |     1 ||     4
       Convert to Beogh  |       |     1 |       ||     1
  Use: Scroll            |     3 |     2 |       ||     5
       Potion            |     4 |     2 |       ||     6
 Stab: Sleeping          |     4 |       |       ||     4
       Invisible         |       |     2 |       ||     2
  Eat: Chunk             |     1 |     9 |       ||    10
Armor: Robe              |     8 |       |       ||     8
       Scale mail        |    33 |   146 |     9 ||   188
Dodge: Dodged            |    57 |   178 |     5 ||   240
